 Dungeon Crawl Stone Soup version 0.27-a0-1232-gc6a4cbde82 (webtiles) character file.

Game seed: 14169081915892176953

170 porpoise the Conjurer (level 5, -6/29 HPs)
             Began as a Deep Elf Conjurer on June 9, 2021.
             Engulfed by a steam dragon's steam (11 damage)
             ... on level 3 of the Dungeon.
             The game lasted 00:08:37 (2916 turns).

porpoise the Conjurer (Deep Elf Conjurer)           Turns: 2916, Time: 00:08:37

Health: -6/29      AC:  3    Str:  4    XL:     5   Next: 26%
Magic:  10/14      EV: 12    Int: 24    God:
Gold:   137        SH:  0    Dex: 13    Spells: 1/14 levels left

rFire    . . .     SeeInvis .   a - +1 falchion (elec)
rCold    . . .     Faith    .   (no shield)
rNeg     . . .     Spirit   .   e - +0 robe
rPois    .         Reflect  .   (no helmet)
rElec    .         Harm     .   (no cloak)
rCorr    .         Rampage  .   g - +0 pair of gloves
Will     .....                  (no boots)
Stlth    ++........             (no amulet)
HPRegen  0.09/turn              (no ring)
MPRegen  0.14/turn              (no ring)

@: no status effects
A: no striking features
a: no special abilities


You were on level 3 of the Dungeon.
You visited 1 branch of the dungeon, and saw 3 of its levels.

You collected 137 gold pieces.

Inventory:

Hand Weapons
 a - a +1 falchion of electrocution (weapon)
Missiles
 b - 94 stones (quivered)
 d - 31 arrows
 k - 19 bolts
 l - 3 boomerangs
Armour
 e - a +0 robe (worn)
 g - a +0 pair of gloves (worn)
Scrolls
 c - a scroll of magic mapping {unknown}
 i - a scroll of enchant armour {unknown}
 j - a scroll of enchant weapon {unknown}
Potions
 h - a potion of attraction
 m - a potion of flight


   Skills:
 + Level 1.3 Fighting
 - Level 2.4 Dodging
 - Level 2.4 Stealth
 - Level 5.0 Spellcasting
 + Level 6.0 Conjurations


You had one spell level left.
You knew the following spells:

 Your Spells              Type           Power      Damage    Failure   Level
a - Magic Dart            Conj           100%       1d8       1%          1
b - Searing Ray           Conj           68%        3d5       1%          2
c - Iskenderun's Mystic   Conj/Tloc      20%        2d6       26%         4
d - Fulminant Prism       Conj/Hex       10%        3d9       26%         4
k - Blink                 Tloc           N/A        N/A       13%         2

Your spell library contained the following spells:

 Spells                   Type           Power      Damage    Failure   Level
 Animate Skeleton         Necr           12%        N/A       9%          1
 Corona                   Hex            6%         N/A       9%          1
 Pain                     Necr           24%        1d5       9%          1
 Conjure Flame            Conj/Fire      20%        6-21      8%          3
 Dazzling Flash           Conj/Hex       40%        N/A       8%          3
 Mephitic Cloud           Conj/Pois/Air  15%        N/A       12%         3
 Call Imp                 Summ           6%         N/A       13%         2
 Ensorcelled Hibernation  Hex/Ice        12%        N/A       13%         2
 Slow                     Hex            6%         N/A       13%         2
 Confusing Touch          Hex            6%         N/A       26%         3
 Tukima's Dance           Hex            6%         N/A       26%         3
 Vampiric Draining        Necr           3%         2d6       26%         3
 Animate Dead             Necr           3%         N/A       65%         4
 Agony                    Necr           6%         N/A       94%         5


Dungeon Overview and Level Annotations

Branches:
Dungeon (3/15)

Altars:


Message History

You start resting.
Magic restored.
Things that are here:
a jackal corpse; a jackal corpse; a jackal corpse You see here a quokka corpse.
Found a spear.
Found a leatherbound book.
Found a stone staircase leading down.
Found a stone staircase leading up.
You pick up a book of Maledictions and begin reading...
You add the spells Corona, Ensorcelled Hibernation, Confusing Touch and Tukima's Dance to your library.
There is a stone staircase leading up here.
There is a stone staircase leading up here.
Found an escape hatch in the floor.
There is an escape hatch in the floor here.
Found a stone staircase leading down.
There is a stone staircase leading down here.
m - a sapphire potion
As you read the scroll of identify, it crumbles to dust.
m - a potion of flight A steam dragon and a goblin come into view.
Casting: Searing Ray (safe; 1% risk of failure)
Confirm with . or Enter, or press ? or * to list all spells.
Aiming: Searing Ray (safe; 1% risk of failure)
Press: ? - help, Shift-Dir - straight line, f - steam dragon
Aim: a steam dragon (asleep, 100% to hit)
The searing ray hits the steam dragon!
The steam dragon is moderately wounded.
The steam dragon hisses angrily. (Press . to maintain the ray.)
The searing ray hits the steam dragon!
The steam dragon is heavily wounded.
The steam dragon breathes steam at you. The ball of steam hits you!!
Ouch! That really hurt!
* * * LOW HITPOINT WARNING * * *
You hear a shout!
The searing ray hits the steam dragon.
The steam dragon is severely wounded.
You are engulfed in a cloud of scalding steam.
You die...

#.# #.........# #># .#
#####.##..# #.# #. #.##†.#
#.# ######.. # #.##...
#.###...#≈≈≈ .# #.##...
#......#.≈≈♣ .# ##.##...
###.##.#.D≈ ..# #..†....
#.###.#.§♣#..# #..##...
#.#.....@$...# #.......
#.#.#.###.##.# #.####..
##..#.##.## #.# ##.
##.#.#.## ###># #. #.>..##
# #...# #. #.#.## ##
.##.#.### #.
#.#.####.###.......# #.
........##.......##.##.###.
####.#####.##.##.#...#..<..


You could see a steam dragon (catching breath).

Vanquished Creatures
  A centaur skeleton (D:3)
  2 iguanas (D:3)
  An adder (D:2)
  A white imp (D:3)
  2 worms
  6 dart slugs
  2 orcs (D:3)
  7 bats
  6 endoplasms
  A giant cockroach (D:3)
  2 goblins (D:1)
  5 hobgoblins
  4 jackals (D:3)
  8 kobolds
  3 quokkas
  2 ball pythons (D:1)
  4 frilled lizards
  4 rats
61 creatures vanquished.

Vanquished Creatures (others)
  10 plants (D:3)
10 creatures vanquished.

Grand Total: 71 creatures vanquished

Notes
Turn   | Place    | Note
-------+----------+-------------------------------------------
     0 | D:1      | porpoise the Deep Elf Conjurer began the quest for the Orb.
     0 | D:1      | Reached XP level 1. HP: 10/10 MP: 6/6
   253 | D:1      | Reached XP level 2. HP: 15/15 MP: 4/8
   412 | D:1      | Learned a level 2 spell: Searing Ray
   499 | D:1      | Found a faded altar of an unknown god.
   958 | D:1      | Reached skill level 5 in Conjurations
   958 | D:1      | Reached XP level 3. HP: 19/19 MP: 8/10
  1984 | D:3      | Reached XP level 4. HP: 23/24 MP: 6/12
  2336 | D:3      | Reached skill level 5 in Spellcasting
  2341 | D:3      | Learned a level 4 spell: Iskenderun's Mystic Blast
  2346 | D:3      | Learned a level 4 spell: Fulminant Prism
  2349 | D:3      | Learned a level 2 spell: Blink
  2545 | D:3      | Reached skill level 1 in Fighting
  2545 | D:3      | Reached XP level 5. HP: 29/29 MP: 9/14
  2709 | D:3      | Reached skill level 6 in Conjurations
  2912 | D:3      | Noticed a steam dragon
  2916 | D:3      | Engulfed by a steam dragon's steam

Illustrated notes

Levels and vault maps discovered:
D:1:      evilmike_arrival_plus, layout_rooms,
          hellmonk_ecumenical_altar_crossroads, hangedman_decor_lopped
D:2:      layout_basic, kennysheep_big_empty_room
D:3:      minmay_evil_eye, layout_loops_ring, serial_bayou_pond_d,
          hangedman_decor_clover_reticule, serial_bayou_lake_a

Skill      XL: |  1  2  3  4  5 |
---------------+----------------+-----
Spellcasting   | 4 5 |  5.0
Conjurations   | 5 6 |  6.0
Fighting       | 1 |  1.3
Dodging        | |  2.4
Stealth        | |  2.4

Action                   |  1- 3 |  4- 6 || total
-------------------------+-------+-------++-------
Throw: Stone             |     1 |       ||     1
 Cast: Magic Dart        |    55 |    12 ||    67
       Searing Ray       |     8 |    14 ||    22
  Use: Scroll            |       |     2 ||     2
Armor: Robe              |     4 |       ||     4
Dodge: Dodged            |     3 |       ||     3

Table legend: (Time is in decaauts)
 A = Elapsed time spent in this place.
 B = Non-inter-level travel time spent in this place.
 C = Inter-level travel time spent in this place.
 D = Time resting spent in this place.
 E = Time spent auto-exploring this place.
 F = Levels seen in this place.
 G = Mean time per level.
                   A        B        C        D        E       F      G
               +--------+--------+--------+--------+--------+-----+--------+
         Total |   2939 |   2881 |     58 |   1248 |   1303 |   3 |  979.7 |
       Dungeon |   2939 |   2881 |     58 |   1248 |   1303 |   3 |  979.7 |
               +--------+--------+--------+--------+--------+-----+--------+

Top non-repeatable levels by time:
     D:1: 1097 daAuts
     D:3: 965 daAuts
     D:2: 876 daAuts
